Map: Disco Bloodbath LE

Players

llllllllllll (Trap)

  • Race: Protoss Protoss
  • League: Master
  • Spawn Location: 3:00

Serral - Winner!

  • Race: Zerg Zerg
  • League: Master
  • Spawn Location: 9:00

Event: HomeStory Cup XX

VOD

Have the link to the VOD?

Description

Time

  • Played on: Nov. 24, 2019, 10:38 a.m.
  • Length: 17:58

All games in this series

Show
View Real Time Build Order
Export as new Build Order

llllllllllll Protoss 

Build Orders: 1 Gate Expand, Oracle Opening, Phoenix Opening, Archon Immortal 

Get SALT Encoding   

  12  0:00  Probe  
  13  0:12  Probe  
  14  0:17  Pylon  
  14  0:24  Probe  
  15  0:32  Probe  
  15  0:40  Probe  
  16  0:43  Gateway  
  16  0:47  Assimilator  
  17  0:51  Probe  
  18  1:03  Probe  
  19  1:15  Probe  
  20  1:22  Nexus  
  20  1:33  Cybernetics Core  
  20  1:35  Probe  
  21  1:42  Assimilator  
  21  1:47  Probe  
  21  1:52  Pylon  
  22  1:59  Probe  
  23  2:07  Probe  
  23  2:10  Adept  
  23  2:15  Probe, Stargate  
  27  2:25  Warp Gate  
  27  2:26  Probe  
  28  2:30  Probe  
  29  2:38  Probe x2  
  29  2:42  Adept  
  33  2:48  Probe  
  33  2:50  Probe  
  35  2:52  Phoenix  
  35  3:01  Probe  
  35  3:02  Probe  
  35  3:05  Pylon  
  39  3:06  Oracle  
  39  3:13  Probe  
  39  3:14  Probe  
  44  3:21  Gateway  
  44  3:23  Gateway  
  44  3:25  Probe  
  45  3:31  Assimilator  
  45  3:33  Oracle, Probe  
  46  3:35  Assimilator  
  46  3:37  Probe  
  47  3:45  Pylon  
  47  3:47  Pylon  
  50  3:50  Probe x2  
  52  4:04  Probe x2  
  52  4:06  Robotics Facility  
  54  4:14  Oracle  
  54  4:16  Probe x2  
  59  4:22  Pylon  
  59  4:23  Sentry  
  61  4:28  Probe  
  61  4:29  Probe  
  63  4:33  Nexus  
  63  4:35  Sentry  
  65  4:41  Probe x2  
  65  4:44  Immortal  
  67  4:46  Shield Battery  
  67  4:53  Probe x2  
  67  4:56  Sentry  
  75  5:00  Sentry  
  75  5:04  Pylon  
  77  5:11  Probe  
  78  5:15  Pylon  
  78  5:20  Pylon  
  78  5:22  Forge, Probe  
  78  5:26  Probe, Twilight Council  
  80  5:33  Observer  
  80  5:34  Probe  
  82  5:38  Probe  
  82  5:39  Gateway x2  
  82  5:42  Zealot  
  85  5:46  Probe  
  85  5:47  Probe  
  87  5:50  Probe  
  87  5:52  Gateway  
  87  5:54  Gateway  
  87  5:56  Pylon, Protoss Ground Weapons Level 1  
  88  5:59  Charge  
  88  6:05  Assimilator, Probe x3  
  88  6:07  Assimilator, Immortal  
  91  6:17  Templar Archives  
  95  6:26  Probe x3  
  95  6:31  Photon Cannon  
  98  6:37  Warp Prism  
  98  6:42  Probe x2  
  98  6:43  Probe  
  103  6:47  Gateway  
  103  6:49  Pylon, Gateway  
  103  6:57  High Templar x2  
  103  6:58  High Templar x2, Zealot x2  
  103  7:01  Psionic Storm  
  115  7:02  Archon x2  
  115  7:04  Immortal  
  115  7:14  Photon Cannon  
  119  7:15  Shield Battery  
  119  7:22  Shield Battery, Photon Cannon  
  119  7:23  Photon Cannon  
  119  7:29  High Templar x2  
  123  7:37  Zealot x4  
  127  7:40  Pylon x2  
  131  7:45  Shield Battery  
  131  7:48  Immortal  
  133  7:58  High Templar x2  
  133  8:05  Zealot x6  
  141  8:15  Immortal  
  128  8:21  Photon Cannon  
  122  8:28  Zealot x2  
  122  8:29  Shield Battery, High Templar, Zealot  
  122  8:30  High Templar x2  
  138  8:35  Shield Battery  
  138  8:36  Shield Battery  
  138  8:37  Shield Battery  
  138  8:40  Zealot x2  
  140  8:46  Immortal  
  140  8:56  Templar Archives  
  140  8:57  Sentry  
  140  8:58  Zealot x2  
  140  9:00  Zealot  
  140  9:02  Zealot x2  
  148  9:09  Protoss Ground Weapons Level 2, Zealot x2  
  134  9:20  Immortal  
  134  9:27  High Templar x2  
  134  9:28  Zealot x3  
  148  9:32  Pylon  
  148  9:33  Archon  
  148  9:34  Pylon  
  148  9:36  Pylon  
  140  9:46  Immortal  
  140  9:49  Shield Battery  
  140  9:50  Shield Battery  
  140  9:56  High Templar x2  
  140  9:57  Zealot x3  
  134  10:15  Fleet Beacon  
  132  10:34  Immortal  
  132  10:35  Mothership  
  132  10:37  Zealot x5  
  132  10:38  Zealot x3  
  151  11:02  Pylon, Blink  
  151  11:04  Pylon  
  159  11:05  Pylon  
  147  11:22  Observer, High Templar x4  
  147  11:23  Zealot x2  
  147  11:25  Pylon  
  159  11:26  Pylon, Archon  
  159  11:27  Archon  
  154  11:40  Immortal  
  154  11:43  Archon x2  
  108  12:02  High Templar x2  
  108  12:05  High Templar x3  
  114  12:12  Immortal  
  114  12:15  High Templar  
  116  12:16  Nexus  
  120  12:25  Zealot x4  
  128  12:40  Probe  
  128  12:41  Probe x2  
  128  12:43  Zealot x3  
  128  12:51  Immortal  
  128  12:55  Probe  
  128  12:56  Probe x2  
  129  13:05  Zealot x4  
  129  13:06  Zealot  
  129  13:08  Probe  
  129  13:09  Probe  
  129  13:12  Zealot  
  140  13:36  High Templar x5  
  140  13:37  High Templar  
  140  13:41  Archon x3  
  144  13:42  Zealot x2  
  133  13:50  Probe x2  
  133  13:51  Probe  
  129  14:10  Archon x2  
  129  14:12  Warp Prism  
  103  14:18  Zealot x7  
  103  14:19  Zealot  
  99  14:25  High Templar x3  
  99  14:26  High Templar  
  106  14:33  Mothership  
  104  14:48  Probe x3  
  107  14:53  Photon Cannon  
  107  15:01  Zealot  
  107  15:02  Observer, Zealot x2  
  120  15:20  Zealot  
  122  15:39  Templar Archives  
  122  15:43  Observer  
  118  15:50  Pylon  
  118  15:52  Pylon  
  118  15:54  Pylon  
  118  15:58  Nexus  
  118  15:59  Pylon  
  118  16:13  Archon  
  118  16:16  High Templar x2  
  122  16:20  High Templar x4  
  122  16:24  Archon x2  
  127  16:44  Stalker x2  
  131  16:50  Stalker x2  
  131  16:53  Stalker  
  129  16:55  Stalker  
  130  17:12  Stalker  
  99  17:28  High Templar x4  
  98  17:40  Archon  
Show
View Real Time Build Order
Export as new Build Order

Serral Zerg - Winner!

Build Orders: Hatch First, Brood Lord Corruptor, Swarm Host 

Get SALT Encoding   

  12  0:00  Drone  
  13  0:12  Overlord  
  13  0:16  Drone  
  14  0:30  Drone x2  
  16  0:47  Hatchery  
  15  0:51  Drone  
  15  0:55  Drone  
  17  0:58  Drone  
  18  1:07  Extractor  
  17  1:13  Spawning Pool  
  17  1:16  Drone  
  17  1:19  Drone  
  18  1:28  Drone  
  20  1:40  Drone  
  20  1:50  Overlord  
  20  2:00  Queen x2  
  24  2:01  Zergling x4  
  26  2:10  Drone  
  26  2:11  Drone  
  28  2:20  Drone  
  28  2:21  Drone  
  30  2:31  Hatchery  
  30  2:33  Drone  
  30  2:37  Pneumatized Carapace  
  30  2:45  Queen  
  30  2:50  Overlord  
  32  2:52  Drone  
  32  2:55  Drone  
  32  2:58  Drone  
  35  2:59  Drone  
  35  3:06  Metabolic Boost  
  35  3:10  Drone  
  35  3:11  Drone x2  
  38  3:16  Overlord  
  38  3:17  Drone  
  39  3:20  Zergling x2  
  39  3:24  Overlord  
  40  3:29  Queen  
  42  3:36  Zergling x4  
  42  3:39  Overlord  
  44  3:42  Drone  
  44  3:43  Drone x2  
  47  3:50  Spore Crawler, Queen  
  48  3:57  Spore Crawler, Drone x2  
  48  4:00  Drone  
  50  4:03  Drone  
  50  4:04  Drone  
  50  4:05  Drone  
  50  4:08  Drone x2  
  55  4:12  Zergling x2  
  55  4:14  Overlord  
  55  4:16  Drone  
  57  4:20  Drone x2  
  59  4:25  Overlord  
  59  4:27  Drone x3  
  62  4:32  Overlord  
  62  4:33  Drone  
  62  4:36  Spore Crawler  
  62  4:38  Drone x2  
  62  4:41  Drone x2  
  62  4:44  Lair  
  67  4:49  Roach Warren  
  67  4:51  Extractor, Spore Crawler  
  64  4:53  Extractor  
  64  4:57  Zergling x2  
  64  5:00  Drone x4  
  64  5:01  Spore Crawler  
  64  5:05  Drone x2  
  69  5:08  Drone x2, Evolution Chamber  
  69  5:09  Drone  
  69  5:10  Drone  
  69  5:14  Queen  
  72  5:16  Overlord  
  72  5:19  Drone x2  
  76  5:21  Extractor  
  76  5:27  Drone x4  
  76  5:28  Drone x2  
  81  5:31  Drone x2  
  81  5:34  Zerg Missile Weapons Level 1  
  82  5:37  Overlord x2  
  82  5:38  Overlord  
  82  5:39  Overlord  
  82  5:43  Extractor, Roach  
  82  5:44  Extractor  
  82  5:47  Roach x2  
  82  5:49  Glial Reconstitution, Drone  
  87  5:52  Roach  
  88  5:59  Roach x3  
  88  6:00  Drone x3  
  96  6:10  Drone x2  
  96  6:11  Infestation Pit  
  96  6:12  Drone x2  
  97  6:18  Drone  
  97  6:19  Drone  
  97  6:24  Overlord  
  99  6:26  Overlord  
  99  6:30  Hatchery  
  98  6:35  Nydus Network  
  98  6:36  Overlord  
  97  6:47  Swarm Host x7  
  118  6:56  Swarm Host  
  118  6:57  Swarm Host x2  
  127  7:07  Swarm Host  
  128  7:10  Overlord x7  
  128  7:12  Overseer  
  128  7:15  Nydus Canal  
  128  7:23  Baneling Nest  
  128  7:26  Roach  
  128  7:28  Overlord  
  129  7:30  Nydus Canal  
  129  7:31  Roach x7  
  143  7:37  Zerg Melee Weapons Level 1  
  142  7:45  Nydus Canal  
  142  7:48  Overseer  
  142  7:49  Queen, Drone x4  
  148  7:53  Ravager x3  
  148  7:54  Zergling x14  
  158  8:04  Zergling x10  
  156  8:13  Roach  
  156  8:14  Roach x8  
  156  8:18  Roach x2  
  171  8:21  Centrifical Hooks  
  171  8:24  Extractor, Drone  
  171  8:25  Extractor  
  170  8:27  Nydus Canal  
  170  8:28  Spore Crawler  
  170  8:30  Drone  
  170  8:34  Drone x3, Hive  
  170  8:37  Drone x2  
  170  8:38  Drone  
  176  8:44  Drone x2  
  176  8:47  Roach x2  
  179  9:04  Roach  
  179  9:05  Roach x5  
  182  9:13  Spire  
  182  9:15  Roach x6  
  172  9:21  Drone x2  
  172  9:22  Drone x2  
  173  9:24  Ravager  
  173  9:25  Ravager x2  
  173  9:28  Zergling x22  
  187  9:32  Zerg Melee Weapons Level 2  
  187  9:37  Nydus Canal  
  187  9:42  Zergling x8  
  191  9:46  Zergling x2  
  191  9:47  Zergling x2  
  191  9:49  Hatchery  
  191  9:51  Overlord x2  
  190  9:53  Ravager  
  190  9:54  Baneling x10  
  191  10:06  Zergling x14  
  188  10:17  Baneling  
  188  10:18  Baneling x11  
  188  10:19  Zergling x22  
  197  10:30  Greater Spire  
  197  10:31  Drone  
  197  10:32  Drone  
  199  10:46  Baneling x10  
  199  10:52  Baneling x4  
  199  11:07  Spine Crawler  
  199  11:08  Spine Crawler  
  194  11:16  Zergling x10  
  197  11:22  Overlord  
  197  11:26  Baneling x4  
  197  11:28  Nydus Canal  
  197  11:34  Baneling x3  
  197  11:36  Baneling x5  
  191  11:42  Zergling x34  
  191  11:46  Zergling x6  
  191  11:47  Zergling x32  
  159  11:55  Roach x2  
  159  11:56  Queen  
  159  12:03  Zerg Melee Weapons Level 3  
  159  12:04  Adrenal Glands  
  159  12:06  Roach x10  
  159  12:07  Overlord x2  
  179  12:09  Overlord  
  179  12:16  Baneling x9  
  179  12:17  Baneling x19  
  179  12:26  Spore Crawler  
  179  12:29  Drone x2  
  179  12:32  Corruptor x6  
  179  12:37  Drone x2  
  193  12:44  Overseer  
  193  12:45  Overseer  
  193  12:47  Corruptor x3  
  199  12:55  Extractor  
  199  12:57  Extractor  
  197  13:01  Nydus Canal  
  197  13:04  Corruptor x2  
  183  13:32  Corruptor  
  183  13:33  Corruptor x2  
  191  13:42  Zergling x2  
  191  13:43  Zergling x16  
  198  13:52  Zergling x14  
  198  13:55  Baneling x8  
  199  13:58  Overseer x2  
  199  14:01  Baneling  
  199  14:02  Baneling x17  
  199  14:09  Zergling x20  
  200  14:17  Zergling x18  
  164  14:28  Baneling x2  
  164  14:30  Baneling x8  
  151  14:31  Zergling x14  
  151  14:38  Brood Lord x6  
  166  14:48  Zergling x8  
  170  14:56  Hatchery  
  169  15:06  Corruptor x2  
  172  15:16  Nydus Canal  
  172  15:26  Corruptor  
  172  15:27  Corruptor x4  
  176  15:55  Brood Lord  
  168  15:57  Drone x3  
  168  15:58  Brood Lord x5  
  181  16:06  Overlord  
  181  16:07  Overseer  
  181  16:12  Corruptor x3  
  181  16:15  Nydus Canal  
  185  16:21  Overseer  
  185  16:30  Extractor  
  185  16:31  Drone x3  
  185  16:32  Drone x3  
  189  16:33  Zergling x2  
  189  16:34  Extractor, Zergling x16  
  197  16:42  Spine Crawler  
  197  16:44  Spine Crawler  
  194  16:48  Brood Lord  
  193  16:54  Brood Lord  
  193  16:56  Nydus Canal  
  195  17:06  Corruptor x3  
  199  17:13  Overseer  
  199  17:15  Corruptor x2  
  186  17:16  Zergling x2  
  186  17:19  Zergling x2  
  186  17:21  Zergling x4  
  192  17:23  Overseer x2  
  192  17:24  Zergling x4  
Tags
 
Add a new tag
Caveats
  • Supply blocks, unpowered buildings, or Contaminate may cause inaccurate times.
  • Supply counts are checked every 10 seconds.